AoeStats
← nonoleboss

Nomad

509914834Analyzed
4v4 RM · 4d ago on Sep 28, 2026· 33m 56s· 8 players
Game mode
Random Map
Map size
231×231
Population
200
Speed
Normal
Resources
Standard
Victory
Conquest
Starting age
Dark Age
Ending age
Imperial Age
RankedLock teamsTeams togetherTeam positionsShared explorationLock speedFull tech treeHidden civsTurbo modeCheats
Victory
Defeat
🇲🇽 Celts · Mexico
1327
+15
🇬🇧 Danes · United Kingdom
1309
+16
🇨🇱 Lithuanians · Chile
1299
+16
🇺🇸 Koreans · United States
1265
+18
🇩🇪 Vietnamese · Germany
1342
-18
🇳🇱 Byzantines · Netherlands
1316
-17
🇩🇪 Varangians · Germany
1280
-15
🇫🇷 Japanese · France
1280
-15
sj
4:02 Loom
13:26 Feudal Age
18:26 Fletching
25:07 Castle Age
31:49 Bodkin Arrow
Druminado
4:40 Loom
12:42 Feudal Age
13:57 Double-Bit Axe
18:10 Horse Collar
21:21 Castle Age
20:14 Forging
20:28 Gold Mining
20:51 Bloodlines
21:40 Scale Barding Armor
21:41 Stone Mining
22:11 Husbandry
25:43 Wheelbarrow
26:36 Iron Casting
26:31 Town Watch
27:10 Fervor
28:25 Chain Barding Armor
29:46 Heavy Plow
35:55 Imperial Age
Advanced Farming Research Centre
5:39 Loom
13:05 Feudal Age
14:22 Double-Bit Axe
16:56 Forging
20:21 Castle Age
20:16 Stone Mining
21:14 Fletching
23:23 Bodkin Arrow
24:15 Bow Saw
28:45 Scale Mail Armor
mike
3:33 Loom
14:41 Feudal Age
15:34 Fishing Lines
19:00 Castle Age
17:08 Stone Mining
17:06 Double-Bit Axe
18:15 Town Watch
19:55 Wheelbarrow
21:50 Fletching
22:04 Scale Mail Armor
22:20 Bow Saw
22:41 Gillnets
24:45 Hand Cart
24:35 Gold Mining
25:58 Gold Shaft Mining
27:27 Chain Mail Armor
28:02 Bodkin Arrow
34:09 Forging
Zweistein
5:12 Loom
15:22 Feudal Age
18:47 Fletching
18:54 Double-Bit Axe
18:55 Horse Collar
24:17 Castle Age
24:04 Padded Archer Armor
24:08 Town Watch
24:29 Crossbowman
26:10 Bodkin Arrow
30:22 Leather Archer Armor
nonoleboss
14:55 Feudal Age
18:51 Castle Age
17:44 Double-Bit Axe
19:45 Medium Warships
19:56 Bow Saw
21:43 Fishing Lines
24:12 Loom
25:41 Clinker Construction
27:00 Careening
28:22 Horse Collar
29:09 Gillnets
Sihing Mo
7:46 Loom
12:48 Feudal Age
16:30 Castle Age
16:27 Double-Bit Axe
18:13 Wheelbarrow
18:56 Bow Saw
21:13 Horse Collar
23:20 Town Watch
29:27 Bloodlines
29:17 Husbandry
30:51 Hand Cart
31:25 Forging
31:20 Scale Barding Armor
34:01 Chain Barding Armor
Schrutef4rms
4:37 Loom
13:22 Feudal Age
21:00 Castle Age
19:15 Fletching
20:01 Stone Mining
21:01 Double-Bit Axe
20:59 Horse Collar
21:49 Bodkin Arrow
Connection lost

Rejoining the realm…

Still unreachable

The connection could not be restored.

Session expired

The server has moved on; the page needs a fresh start.